 Dungeon Crawl Stone Soup version 0.21-a0-278-ga722497 (webtiles) character file.

56 Cecky the Poker (level 3, -2/29 HPs)
             Began as a Demonspawn Abyssal Knight on Sept 22, 2017.
             Was a Believer of Lugonu.
             Slain by an ice beast (13 damage)
             ... on level 2 of the Dungeon.
             The game lasted 00:05:18 (1950 turns).

Cecky the Poker (Demonspawn Abyssal Knight)         Turns: 1950, Time: 00:05:19

Health: -2/29      AC:  5    Str: 13    XL:     3   Next: 69%
Magic:  4/4        EV: 11    Int: 13    God:    Lugonu [**....]
Gold:   49         SH:  0    Dex: 12    Spells: 2/2 levels left

rFire    . . .     SeeInvis .   l - +4 spear
rCold    . . .     Gourm    .   (no shield)
rNeg     . . .     Faith    .   b - +0 leather armour
rPois    .         Spirit   .   (no helmet)
rElec    .         Reflect  .   (no cloak)
rCorr    .         Harm     .   (no gloves)
MR       .....                  (no boots)
Stlth    +.........             (no amulet)
HPRegen  0.09/turn              (no ring)
MPRegen  0.09/turn              (no ring)

@: no status effects
A: icy blue scales 1
a: Depart the Abyss, Bend Space, Renounce Religion


You were on level 2 of the Dungeon.
You worshipped Lugonu.
Lugonu was pleased with you.
You were not hungry.

You visited 1 branch of the dungeon, and saw 2 of its levels.
You visited the Abyss 1 time.

You collected 49 gold pieces.

Inventory:

Hand Weapons
 a - a +1 spear
 l - a +4 spear (weapon)
Armour
 b - a +0 leather armour (worn)
Jewellery
 f - a +4 ring of evasion {unknown}
 g - a cursed ring of teleportation {unknown}
 o - an uncursed ring of protection from fire {unknown}
Wands
 n - a wand of confusion (15/48)
Potions
 c - a potion of agility {unknown}
 e - a potion of invisibility {unknown}
 h - a potion of cancellation {unknown}
Comestibles
 d - a royal jelly


   Skills:
 - Level 3.0 Fighting
 + Level 3.6 Polearms
 - Level 1.7 Armour
 - Level 0.8 Dodging
 + Level 0.2 Stealth
 - Level 2.4 Invocations


You had 2 spell levels left.
You didn't know any spells.

Dungeon Overview and Level Annotations

Branches:
Dungeon (2/15)

Altars:
Ashenzari


Innate Abilities, Weirdness & Mutations

You are partially covered in icy blue scales. (AC +2)


Message History

You puncture the hobgoblin!
You kill the hobgoblin!
Lugonu accepts your kill. The ice beast barely misses you.
The ice beast hits you. The ice beast freezes you!
There is a stone staircase leading down here.
You see here a hobgoblin corpse.
You puncture the ice beast!
The ice beast is moderately wounded.
The ice beast hits you but does no damage.
You hit the ice beast.
The ice beast is heavily wounded.
The ice beast hits you but does no damage.
You puncture the ice beast!
The ice beast is severely wounded.
The ice beast barely misses you.
You hit the ice beast.
The ice beast is severely wounded.
The ice beast hits you. The ice beast freezes you!
You die...

#### ##### ....
#.... #$. .....
... #.#.# #.#
#.#.#
#.###.#.######.#.#
#@Y...............
#.###+#.######.#.#
#.# #.#.# #.#
#.#.# #.# #.#..
#.# #.### #.#
#.### #.# #.##.
#.# #.###


You could see an ice beast.

Vanquished Creatures
  2 adders (D:2)
  A worm (D:2)
  A leopard gecko (D:1)
  2 giant cockroaches (D:1)
  4 goblins
  6 hobgoblins
  2 ball pythons (D:1)
  6 bats
  3 frilled lizards
  3 kobolds
  3 rats
33 creatures vanquished.

Notes
Turn   | Place    | Note
-------+----------+-------------------------------------------
     0 | Abyss:1  | Cecky the Demonspawn Abyssal Knight began the quest for the Orb.
     0 | Abyss:1  | Reached XP level 1. HP: 18/18 MP: 2/2
    45 | D:1      | Escaped the Abyss
   240 | D:1      | Gained mutation: You are partially covered in icy blue scales. (AC +2) [demonic ancestry]
   240 | D:1      | Reached XP level 2. HP: 23/24 MP: 3/3
   914 | D:1      | Found a shattered altar of Ashenzari.
  1098 | D:2      | Reached ** piety under Lugonu
  1153 | D:2      | Reached XP level 3. HP: 16/29 MP: 4/4
  1616 | D:2      | HP: 1/29 [poisoned by an adder]
  1941 | D:2      | Noticed an ice beast
  1950 | D:2      | Slain by an ice beast

Vault maps used:
D:1:      eino_arrival_cavern_a, nrook_mini_vaults, ashenzari_altar_1
D:2:      minmay_pentomino_u2, uniq_jessica
Abyss:1:  hangedman_abyss_or_decor_stabs

Skill      XL: |  1  2 |
---------------+-------+-----
Polearms       | 2 3 |  3.6
Fighting       | |  3.0
Armour         | |  1.7
Dodging        | |  0.8
Stealth        | |  0.2
Invocations    | |  2.4

Action                   || total
-------------------------++-------
Melee: Spear             ||   133
  Use: Scroll            ||     4
 Stab: Sleeping          ||     1
  Eat: Chunk             ||     2
       Bread ration      ||     1
Armor: Leather armour    ||    51
Dodge: Dodged            ||    91

Table legend:
 A = Spawn XP
 B = Non-spawn XP
 C = Spawn XP percentage of total XP
 D = Spawn monster count
 E = Non-spawn monster count
 F = Spawn count percentage of total count
 G = Total turns spent on level
                    A         B        C        D         E        F      G
               +---------+---------+-------+---------+---------+-------+---------
         Total |       0 |      80 |   0.0 |       0 |      33 |   0.0 |  1950
               +---------+---------+-------+---------+---------+-------+---------
           D:1 |       0 |      32 |   0.0 |       0 |      20 |   0.0 |  1037
           D:2 |       0 |      48 |   0.0 |       0 |      13 |   0.0 |   868
               +---------+---------+-------+---------+---------+-------+---------
